 Dungeon Crawl Stone Soup version 0.32-a0-473-gd044c6f0f0 (webtiles) character file.

Game seed: 12183251903438501213

3304 ezpacito the Trooper (level 9, -2/69 HPs)
             Began as a Demonspawn Chaos Knight on Feb 25, 2024.
             Was a Plaything of Xom.
             Slain by a gnoll sergeant
             ... wielding a +3 spear of distortion
              (14 damage)
             ... on level 7 of the Dungeon.
             The game lasted 00:07:23 (6357 turns).

ezpacito the Trooper (Demonspawn Chaos Knight)      Turns: 6357, Time: 00:07:24

Health: -2/69      AC: 14    Str: 16    XL:     9   Next: 70%
Magic:  13/13      EV: 33    Int: 12    God:    Xom [.....*]
Gold:   333        SH:  4    Dex: 14    Spells: 7/14 levels left

rFire   . . .        a - +0 hand axe (chaos)
rCold   . . .        (no shield)
rNeg    . . .        b - +2 leather armour
rPois   .            q - +0 hat
rElec   .            r - +0 cloak
rCorr   .            s - +0 pair of gloves
SInv    .            w - +1 pair of boots
Will    .....        o - amulet of the acrobat
Stlth   ++           p - +5 ring of evasion
HPRegen 0.31/turn    t - +4 ring of protection
MPRegen 0.13/turn

%: acrobat
@: acrobatic
A: hooves 2, powered by death 1, condensation shield
a: Renounce Religion


You were on level 7 of the Dungeon.
You worshipped Xom.
You were Xom's teddy bear.
You visited 1 branch of the dungeon, and saw 7 of its levels.

You collected 333 gold pieces.

Inventory:

Hand Weapons
 a - a +0 hand axe of chaos (weapon)
 c - a +4 war axe
 v - a +0 vampiric scythe
Missiles
 d - 12 boomerangs (quivered)
 n - 5 poisoned darts
Armour
 b - a +2 leather armour (worn)
 k - a +0 plate armour
 q - a +0 hat (worn)
 r - a +0 cloak (worn)
 s - a +0 pair of gloves (worn)
 w - a +1 pair of boots (worn)
Magical Staves
 g - a staff of air
Jewellery
 o - an amulet of the acrobat (around neck)
 p - a +5 ring of evasion (left hand)
 t - a +4 ring of protection (right hand)
 C - a +5 ring of evasion
Talismans
 i - a serpent talisman
 x - a maw talisman
Wands
 f - a wand of polymorph (9)
 j - a wand of charming (7)
Scrolls
 e - 5 scrolls of teleportation
 h - a scroll of enchant armour
 m - 2 scrolls of fear
 u - a scroll of revelation
 y - 2 scrolls of noise
 A - a scroll of amnesia
Potions
 l - a potion of enlightenment
 B - a potion of attraction
 D - a potion of lignification {unknown}


   Skills:
 * Level 6.1 Fighting
 * Level 5.6(6.0) Axes
 + Level 3.2(4.8) Polearms
 * Level 5.0 Armour
 * Level 4.9 Dodging
 + Level 3.5 Stealth
 * Level 4.6 Unarmed Combat
 + Level 3.0 Spellcasting
 + Level 0.0 Summonings
 + Level 0.0 Translocations
 + Level 0.0 Air Magic
 + Level 1.5 Evocations


You had 7 spell levels left.
You knew the following spells:

 Your Spells              Type           Power      Damage    Failure   Level
a - Malign Gateway        Summ/Tloc      0%         N/A       100%        7

Your spell library contained the following spells:

 Spells                   Type           Power      Damage    Failure   Level
 Summon Horrible Things   Summ           0%         N/A       100%        8


Dungeon Overview and Level Annotations

Branches:
Dungeon (7/15)
 Temple: D:4-7

Altars:
Uskayaw
Wu Jian

Annotations:
D:4 1 runed translucent door, Bediveer's ghost, amateur MDFi


Innate Abilities, Weirdness & Mutations

You have hoof-like feet.
You regenerate a little health from kills.
A meltable shield of frost defends you. (SH +4)


Message History

You kill the gnoll!
The hound bites you but does no damage. The hound barely misses you.
The orc wizard gestures wildly while chanting.
The orc wizard flickers and vanishes!
Deactivating autopickup; reactivate with Ctrl-A.
The kobold brigand hits you but does no damage.
The orc hits you with a +0 trident.
* * * LOW HITPOINT WARNING * * *
The gnoll barely misses you.
The gnoll sergeant hits you from afar with a +3 spear of distortion!
* * * LOW HITPOINT WARNING * * *
You blink.
Unknown command.
You are too confused!
You're too confused to move!
You feel less invigorated.
You feel less confused.
The hound completely misses you. x2; The orc hits you but does no damage.
The orc closely misses you. You block the orc's attack.
The gnoll completely misses you.
You miss the hound.
The hound is almost dead.
You hit the orc.
The orc is poisoned.
You hit the orc. You burn the orc.
The hound bites you but does no damage. x2; The orc completely misses you.
The hound completely misses you. You block the orc's attack.
The kobold brigand throws a curare-tipped dart.
The curare-tipped dart closely misses you.
The orc hits you but does no damage.
The gnoll hits you from afar with a +0 spear.
* * * LOW HITPOINT WARNING * * *
You kill the orc!
You kill the hound!
You hear some strange, mumbled words.
Something tries to affect you, but you resist.
The orc barely misses you. The gnoll completely misses you.
The kobold brigand misses you.
The gnoll sergeant hits you from afar with a +3 spear of distortion.
* * * LOW HITPOINT WARNING * * *
Space warps horribly around you!
You die...
Xom chuckles heartily!

# #.≈.§§§.≈.≈..
###.##.≈.≈§§≈≈.≈....
#.....§§.§.§.K.≈.....
##...#§§§≈≈≈≈≈≈≈..(...
#....§§§.............
#....§§§§............
#.......)..#.........
##.##....ogo{........ ..
## #....gK@o)....# ..
##..!.........# .
##...........# ..
#...........# #.. #.#
.............###.# #..
..................####..
#.......<..#....#.......#
#..........#######......#
##....$..## #.##....


You could see a kobold brigand (weak), a gnoll sergeant, a gnoll (very
poisoned), 3 orcs and a kobold.

Vanquished Creatures
  Sigmund (D:4)
  5 yaks (D:5)
  Menkaure (D:6)
  3 ice beasts
  4 black bears
  An orc warrior (D:6)
  5 ogres
  A phantom (D:6)
  A bullfrog (D:6)
  3 scorpions
  3 wights (D:6)
  2 bombardier beetles (D:6)
  3 jellies
  2 hounds
  An iguana (D:5)
  A sleepcap (D:6)
  4 gnolls
  8 adders
  A river rat (D:1)
  2 shadow imps (D:6)
  An ufetubus (D:6)
  4 ribbon worms
  A dart slug (D:1)
  9 orcs
  5 endoplasms
  3 giant cockroaches
  8 hobgoblins
  12 kobolds
  4 quokkas
  11 ball pythons
  2 bats (D:3)
  5 frilled lizards
  4 goblins
  11 rats
132 creatures vanquished.

Vanquished Creatures (collateral kills)
  Grinder (D:6)
1 creature vanquished.

Vanquished Creatures (others)
  A water moccasin (D:6)
  A gnoll (D:7)
2 creatures vanquished.

Grand Total: 135 creatures vanquished

Notes
Turn   | Place    | Note
-------+----------+-------------------------------------------
     0 | D:1      | ezpacito the Demonspawn Chaos Knight began the quest for
                  | the Orb.
     0 | D:1      | Reached XP level 1. HP: 18/18 MP: 1/1
     3 | D:1      | Noticed a merfolk
     3 | D:1      | Noticed a ghoul
     5 | D:1      | Noticed a vine stalker
     7 | D:1      | Noticed a gargoyle
     7 | D:1      | Noticed a dwarf
     9 | D:1      | Noticed an armataur
     9 | D:1      | Noticed a minotaur
    11 | D:1      | Noticed a demigod
    11 | D:1      | Noticed an oni
    13 | D:1      | Noticed a djinni
    15 | D:1      | Noticed a human
    15 | D:1      | Noticed a tengu
    17 | D:1      | Noticed a barachi
    17 | D:1      | Noticed a felid
    19 | D:1      | Noticed an octopode
    19 | D:1      | Noticed a troll
    21 | D:1      | Noticed a demonspawn
    23 | D:1      | Noticed a formicid
    25 | D:1      | Noticed an elf
    25 | D:1      | Noticed a vampire
    27 | D:1      | Noticed a draconian
    27 | D:1      | Noticed a naga
    29 | D:1      | Noticed a spriggan
    94 | D:1      | Reached skill level 1 in Dodging
    99 | D:1      | XOM: butterfly on damage
   102 | D:1      | Gained mutation: You have large cloven feet. [demonic
                  | ancestry]
   102 | D:1      | Reached XP level 2. HP: 17/24 MP: 2/2
   275 | D:1      | XOM: divination: detect creatures
   608 | D:1      | Reached XP level 3. HP: 13/29 MP: 3/3
   953 | D:2      | XOM: silly message
  1041 | D:2      | XOM: silly message
  1058 | D:2      | XOM: cloud trail
  1220 | D:2      | Reached skill level 1 in Unarmed Combat
  1229 | D:2      | XOM: cast spell 'Olgreb's Toxic Radiance'
  1233 | D:2      | Gained mutation: A meltable shield of frost defends you.
                  | (SH +4) [demonic ancestry]
  1233 | D:2      | Reached XP level 4. HP: 31/35 MP: 4/4
  1359 | D:2      | XOM: silly message
  1562 | D:2      | XOM: silly message
  1682 | D:2      | XOM: divination: magic mapping
  1824 | D:2      | XOM: silly message
  1975 | D:3      | XOM: divination: detect items
  2124 | D:3      | Reached skill level 1 in Stealth
  2651 | D:4      | XOM: silly message
  2795 | D:4      | XOM: silly message
  2878 | D:4      | Noticed Sigmund
  2882 | D:4      | a ribbon worm changed into a scorpion
  2882 | D:4      | Noticed a scorpion
  2895 | D:4      | Killed a scorpion
  2896 | D:4      | Reached XP level 5. HP: 27/41 MP: 6/6
  2904 | D:4      | Killed Sigmund
  2905 | D:4      | Reached skill level 1 in Polearms
  2905 | D:4      | Reached skill level 1 in Spellcasting
  2905 | D:4      | Reached XP level 6. HP: 29/48 MP: 7/7
  2922 | D:4      | Found a runed translucent door.
  2922 | D:4      | Found an ornate altar of the Wu Jian Council.
  2922 | D:4      | XOM: 6-stop teleportation journey
  2951 | D:4      | XOM: god gift: 2 boomerangs
  2990 | D:4      | Noticed Bediveer's ghost (amateur MDFi)
  3152 | D:4      | Reached skill level 4 in Fighting
  3367 | D:5      | Entered Level 5 of the Dungeon
  3395 | D:5      | XOM: smoke on damage
  3406 | D:5      | Gained mutation: You have hoof-like feet. [demonic
                  | ancestry]
  3406 | D:5      | Reached XP level 7. HP: 29/54 MP: 7/9
  3486 | D:5      | XOM: silly message
  3577 | D:5      | XOM: noise
  3714 | D:5      | Noticed a yak
  3715 | D:5      | Noticed a yak
  3715 | D:5      | Noticed a yak
  3716 | D:5      | Noticed a yak
  3716 | D:5      | Noticed a yak
  3729 | D:5      | XOM: enchant monster (good)
  3733 | D:5      | Killed a yak
  3734 | D:5      | Killed a yak
  3734 | D:5      | Killed a yak
  3735 | D:5      | Reached XP level 8. HP: 61/61 MP: 9/11
  3739 | D:5      | Reached skill level 5 in Fighting
  4016 | D:5      | Reached skill level 5 in Axes
  4292 | D:5      | XOM: noise
  4405 | D:6      | Noticed Menkaure
  4407 | D:6      | XOM: summons 8 friendly demons
  4436 | D:6      | HP: 2/63 [Menkaure (7)]
  4443 | D:6      | Killed Menkaure
  4444 | D:6      | Gained mutation: You regenerate a little health from kills.
                  | [demonic ancestry]
  4444 | D:6      | Reached XP level 9. HP: 5/68 MP: 12/12
  4588 | D:6      | XOM: stat loss: -1 Str (15/16)
  4711 | D:6      | XOM: 3-stop teleportation journey
  4855 | D:6      | Noticed Grinder
  5184 | D:6      | XOM: divination: detect items
  5245 | D:6      | XOM: divination: magic mapping
  5571 | D:6      | Reached skill level 1 in Evocations
  5812 | D:6      | XOM: god gift: potion of ambrosia
  5991 | D:6      | Reached skill level 6 in Fighting
  6048 | D:6      | XOM: summons 6 friendly demons
  6060 | D:6      | Killed Grinder
  6061 | D:6      | Reached skill level 5 in Armour
  6269 | D:6      | XOM: god gift: leather armour {god gift}
  6328 | D:7      | Learned a level 7 spell: Malign Gateway
  6336 | D:7      | XOM: 6-stop teleportation journey
  6336 | D:7      | Found a hide-covered altar of Uskayaw.
  6344 | D:7      | XOM: fog
  6357 | D:7      | Slain by a gnoll sergeant

Illustrated notes

Levels and vault maps discovered:
D:1:      kb_arrival_jail, layout_basic, grunt_decor_clamped
D:2:      layout_basic
D:3:      layout_basic
D:4:      layout_gridville, nzn_wu_jian_contemplation, ebering_ghost_sewer_d,
          uniq_sigmund
D:5:      layout_basic, hangedman_decor_points, hangedman_abyss_or_decor_stabs
D:6:      minmay_inner_zag, layout_basic, st_stairs_4,
          kennysheep_generic_room_16, uniq_grinder, uniq_menkaure
D:7:      layout_cave_pools, kennysheep_little_box,
          mainiacjoe_overflow_concentric_impassable, nicolae_ru_awakened_eye,
          minmay_temple_entry_from_below_a, chequers_serial_rivers_micro_a,
          uniq_duvessa

Skill      XL: |  1  2  3  4  5  6  7  8  9 |
---------------+----------------------------+-----
Dodging        | 1 2 3 4 |  4.9
Armour         | 2 3 4 5 |  5.0
Unarmed Combat | 1 2 3 4 |  4.6
Axes           | 3 4 5 |  5.6
Stealth        | 1 2 3 |  3.5
Polearms       | 1 2 3 |  3.2
Spellcasting   | 1 2 3 |  3.0
Fighting       | 4 5 6 |  6.1
Evocations     | 1 |  1.5

Action                     |  1- 3 |  4- 6 |  7- 9 || total
---------------------------+-------+-------+-------++-------
  Melee: Hand axe          |   100 |   127 |   240 ||   467
         Kick              |    24 |    24 |       ||    48
  Evoke: Wand              |       |       |     2 ||     2
    Use: Potion            |       |     2 |     9 ||    11
         Scroll            |       |     7 |     6 ||    13
   Stab: Paralysed         |     1 |       |     8 ||     9
         Distracted        |     1 |       |     1 ||     2
         Confused          |       |     1 |     5 ||     6
         Sleeping          |       |     1 |     3 ||     4
         Petrified         |       |       |    12 ||    12
         Petrifying        |       |       |     1 ||     1
 Armour: Leather armour    |    50 |    64 |   124 ||   238
  Dodge: Dodged            |    56 |   101 |   254 ||   411
  Block: Other             |       |    21 |    34 ||    55

Table legend: (Time is in decaauts)
 A = Elapsed time spent in this place.
 B = Non-inter-level travel time spent in this place.
 C = Inter-level travel time spent in this place.
 D = Time resting spent in this place.
 E = Time spent auto-exploring this place.
 F = Levels seen in this place.
 G = Mean time per level.
                   A        B        C        D        E       F      G
               +--------+--------+--------+--------+--------+-----+--------+
         Total |   6383 |   6105 |    278 |    388 |   4626 |   7 |  911.9 |
       Dungeon |   6383 |   6105 |    278 |    388 |   4626 |   7 |  911.9 |
               +--------+--------+--------+--------+--------+-----+--------+

Top non-repeatable levels by time:
     D:6: 1939 daAuts
     D:2: 1062 daAuts
     D:5: 964 daAuts
     D:1: 877 daAuts
     D:4: 728 daAuts
     D:3: 728 daAuts
     D:7: 82 daAuts
